 Dungeon Crawl Stone Soup version 0.23.2 (webtiles) character file.

Game seed: 7007646292763707467

13102 Marnok the Cruncher (level 11, 0/84 HPs)
             Began as a Demonspawn Gladiator on Apr 2, 2019.
             Was a High Priest of Dithmenos.
             Slain by a war gargoyle
             ... wielding a cursed -1 great mace
              (27 damage)
             ... on level 11 of the Dungeon.
             The game lasted 00:53:41 (14028 turns).

Marnok the Cruncher (Demonspawn Gladiator)         Turns: 14028, Time: 00:53:42

Health: 0/84       AC: 13    Str: 16    XL:     11   Next: 71%
Magic:  0/16       EV: 17    Int:  9    God:    Dithmenos [*****.]
Gold:   365        SH:  0    Dex: 20    Spells: 14/17 levels left

rFire    + + +     SeeInvis .   i - +3 quarterstaff (drain)
rCold    . . .     Gourm    .   (shield currently unavailable)
rNeg     . . .     Faith    .   I - +1 robe "Owidiel" {*Contam +Inv rF++ Dex+3}
rPois    +         Spirit   +   (helmet restricted)
rElec    .         Reflect  .   (no cloak)
rCorr    .         Harm     .   a - +1 pair of gloves of Twilight {Slay+3}
MR       +....                  v - +0 pair of boots
Stlth    ++++......             (no amulet)
HPRegen  0.24/turn              h - ring of protection from magic
MPRegen  0.30/turn              (no ring)

@: sanguine armour, wreathed by umbra, studying Earth Magic
A: antennae 2, talons 1, blurry vision 1, fire resistance 1, poison resistance,
magic shield, magic regeneration, flame cloud immunity, subdued magic 1,
sanguine armour 1
a: Shadow Step, Shadow Form, Renounce Religion, Evoke Invisibility


You were on level 11 of the Dungeon.
You worshipped Dithmenos.
Dithmenos was extremely pleased with you.
You were not hungry.

You visited 1 branch of the dungeon, and saw 14 of its levels.
You also visited: Sewer and Bailey.

You collected 749 gold pieces.
You spent 384 gold pieces at shops.

Inventory:

Hand Weapons
 i - a +3 quarterstaff of draining (weapon)
 L - the +6 spear "Leshrinemp" {elec, rPois rF- rN++ Str+3, unknown}
   (You found it on level 11 of the Dungeon)

   Occasionally, upon striking a foe, it will discharge some electrical energy
   and cause terrible harm.
   It affects your strength (+3).
   It makes you vulnerable to fire.
   It protects you from poison.
   It greatly protects you from negative energy.
Missiles
 d - 3 throwing nets
 C - 52 tomahawks of returning (quivered)
Armour
 a - the +1 pair of gloves of Twilight (worn) {Slay+3}
   (You acquired it on level 5 of the Dungeon)

   It affects your accuracy and damage with ranged weapons and melee attacks
   (+3).
 e - a +3 scale mail of cold resistance
 l - a +0 troll leather armour
 m - a +0 helmet
 r - the +1 ring mail of Makhleb's Castigation {Int+6}
   (You found it on level 4 of the Dungeon)

   It affects your intelligence (+6).
 v - a +0 pair of boots (worn)
 B - a +2 leather armour of cold resistance
 D - +0 acid dragon scales
 H - a +1 plate armour of poison resistance
 I - the +1 robe "Owidiel" (worn) {*Contam +Inv rF++ Dex+3}
   (You found it in a bailey)

   It affects your dexterity (+3).
   It greatly protects you from fire.
   It lets you turn invisible.
   It causes magical contamination when unequipped.
Jewellery
 h - a ring of protection from magic (left hand)
Wands
 c - a wand of random effects (17)
 k - a wand of polymorph (26)
 p - a wand of acid (9)
 y - a wand of flame (27)
Scrolls
 n - 3 scrolls of identify
 w - 2 scrolls of amnesia
 x - a scroll of magic mapping {unknown}
 z - a scroll of blinking {unknown}
 A - 5 scrolls of remove curse
 J - a scroll of holy word {unknown}
Potions
 g - 3 potions of curing
 o - a potion of magic
 q - a potion of invisibility
 s - 3 potions of agility
 t - 2 potions of lignification
 u - 2 potions of berserk rage
Books
 E - a manual of Earth Magic
Miscellaneous
 G - a lamp of fire
Comestibles
 f - 23 rations
 K - 9 chunks of flesh


   Skills:
 + Level 7.4 Fighting
 + Level 11.7 Staves
 + Level 2.2 Throwing
 + Level 7.0 Armour
 + Level 6.6 Dodging
 + Level 3.2 Stealth
 + Level 3.6 Spellcasting
 + Level 0.2 Summonings
 + Level 4.0 Necromancy


You had 14 spell levels left.
You knew the following spells:

 Your Spells              Type           Power        Failure   Level  Hunger
a - Call Imp              Summ           #.......     32%         2    ###....
b - Animate Skeleton      Necr           N/A          4%          1    #......

Your spell library contained the following spells:

 Spells                   Type           Power        Failure   Level  Hunger
 Summon Small Mammal      Summ           #...         22%         1    #......
 Apportation              Tloc           #.....       24%         1    #......
 Confusing Touch          Hex            #.....       24%         1    #......
 Sandblast                Erth           #.....       24%         1    #......
 Shock                    Conj/Air       #...         24%         1    #......
 Sting                    Conj/Pois      #...         24%         1    #......
 Swiftness                Chrm/Air       #.......     36%         2    ###....
 Call Canine Familiar     Summ           #.......     56%         3    ###....
 Summon Guardian Golem    Hex/Summ       #.......     58%         3    ###....
 Static Discharge         Conj/Air       #.......     61%         3    ###....
 Summon Ice Beast         Ice/Summ       #.......     94%         4    #####..
 Summon Lightning Spire   Summ/Air       #.......     94%         4    #####..
 Airstrike                Air            #.........   95%         4    #####..
 Petrify                  Tmut/Erth      #.......     95%         4    #####..
 Lightning Bolt           Conj/Air       #.........   100%        5    ######.
 Freezing Cloud           Conj/Ice/Air   #.........   100%        6    #######
 Iron Shot                Conj/Erth      #.........   100%        6    #######


Dungeon Overview and Level Annotations

Branches:
Dungeon (14/15)            Temple (0/1) D:7            Lair (0/6) D:11
    Orc (0/2) D:11
 Vaults: D:13-14

Altars:
Cheibriados
Dithmenos
Gozag
Kikubaaqudgha
Ru
Sif Muna
Uskayaw
Vehumet
Wu Jian
Zin
The Shining One
Beogh

Shops:
D:7 !

Annotations:
D:3 3 runed translucent doors, Jabberih's ghost, amateur DrTm
D:6 3 runed translucent doors, rumpelstilzz's ghost, novice TrAM
D:11 rorsh's ghost, journeyman DEWz


Innate Abilities, Weirdness & Mutations

You have a pair of antennae on your head.
Your flesh is heat resistant. (rF+)
When hurt, damage is shared between your health and your magic reserves.
You regenerate magic rapidly.
You are immune to clouds of flame.
When seriously injured, your bleeding wounds create armour. (AC +6)
You have sharp toenails.
Scrolls take you a little longer to read.
Your system is resistant to poisons. (rPois)
Your spells are a little easier to cast, but a little less powerful.


Message History

Magic restored.
You start resting.
Some of the chunks of flesh in your inventory have rotted away.
The war gargoyle is too close now for your liking.
A war gargoyle is nearby!
You swap places.
There is a staircase to the Orcish Mines here.
You hit the war gargoyle but do no damage.
The war gargoyle hits you with a cursed -1 great mace!!
The war gargoyle launches metal splinters at you.
The spray of metal splinters hits you!
* * * LOW HITPOINT WARNING * * *
You feel better.
The war gargoyle launches metal splinters at you.
The spray of metal splinters misses you.
Your hippogriff skeleton bites the war gargoyle but does no damage.
Your hippogriff skeleton pecks the war gargoyle but does no damage.
Your hippogriff skeleton claws the war gargoyle but does no damage.
The war gargoyle hits you with a cursed -1 great mace!!
You die...

##########
######...##...##
#..............##
#...............#
#######...............#
......................#
#....................##
#######........#....##
#......###@####
#......##9.# #..####).Z.#
#####.#####.####
##.....#.....##
##...........<.##
#.............>.#
#...............# ###
................######.###


You could see a war gargoyle and a friendly hippogriff skeleton.

Vanquished Creatures
  2 two-headed ogres
  3 unseen horrors
  Joseph (D:7)
  2 centaur zombies
  A komodo dragon (D:11)
  A hornet (D:11)
  3 hippogriffs
  2 wyverns (D:12)
  2 hungry ghosts
  Grum (D:8)
  A vampire mosquito (D:13)
  3 wargs (D:11)
  2 soldier ants (D:11)
  An acid dragon (D:14)
  4 ice beasts
  6 sky beasts
  A black bear (D:7)
  A phantom (D:11)
  4 wolves
  8 orc warriors
  3 centaurs
  6 ogres
  A big kobold (Sewer)
  5 bullfrogs
  Blork the orc (D:5)
  A wyvern skeleton (D:11)
  2 scorpions
  13 killer bees
  2 howler monkeys (D:7)
  4 bullfrog zombies
  6 crimson imps
  2 quasits
  6 hounds
  10 orc priests
  3 bullfrog skeletons
  2 jellies
  4 centaur skeletons
  11 orc wizards
  5 iguanas
  Terence (D:2)
  7 worker ants
  A worker ant zombie (D:10)
  A howler monkey zombie (D:6)
  9 gnolls
  17 adders
  4 river rats
  2 shadow imps
  2 oozes
  An adder zombie (D:6)
  An adder skeleton (D:4)
  4 worms
  4 dart slugs
  5 leopard geckos
  45 orcs
  3 bats
  5 giant cockroaches
  9 goblins
  15 hobgoblins
  14 jackals
  25 kobolds
  2 quokkas
  4 frilled lizards
  A giant cockroach zombie (D:6)
  A leopard gecko zombie (D:7)
  2 quokka skeletons
  10 rats
331 creatures vanquished.

Vanquished Creatures (collateral kills)
  A two-headed ogre (D:11)
  A troll (D:11)
  A crimson imp (D:11)
  An orc wizard (D:11)
  An orc (D:14)
  A plant (D:11)
6 creatures vanquished.

Grand Total: 337 creatures vanquished

Notes
Turn   | Place    | Note
-------+----------+-------------------------------------------
     0 | D:1      | Marnok the Demonspawn Gladiator began the quest for the
                  | Orb.
     0 | D:1      | Reached XP level 1. HP: 16/16 MP: 1/1
   193 | D:1      | Reached skill level 3 in Staves
   193 | D:1      | Gained mutation: When seriously injured, your bleeding
                  | wounds create armour. (AC +6) [demonic ancestry]
   193 | D:1      | Reached XP level 2. HP: 21/22 MP: 2/2
   809 | D:1      | Reached XP level 3. HP: 27/27 MP: 3/3
  1456 | D:2      | Reached skill level 1 in Armour
  1762 | D:2      | Found a sacrificial altar of Ru.
  1850 | D:2      | Found an opulent altar of Gozag.
  1948 | D:2      | Gained mutation: Your flesh is heat resistant. (rF+)
                  | [demonic ancestry]
  1948 | D:2      | Reached XP level 4. HP: 32/33 MP: 4/4
  1963 | D:2      | Noticed Terence
  1976 | D:2      | Killed Terence
  2180 | D:2      | Found a shadowy altar of Dithmenos.
  2288 | D:2      | Became a worshipper of Dithmenos the Shadowed
  2433 | D:2      | Found a faded altar of an unknown god.
  2643 | D:3      | Gained mutation: You are immune to clouds of flame.
                  | [demonic ancestry]
  2643 | D:3      | Reached XP level 5. HP: 15/39 MP: 5/5
  2689 | D:3      | Reached skill level 4 in Staves
  3015 | D:3      | Found a snail-covered altar of Cheibriados.
  3015 | D:3      | Found a glowing golden altar of the Shining One.
  3016 | D:3      | Found a hide-covered altar of Uskayaw.
  3094 | D:3      | Found a runed translucent gate.
  3094 | D:3      | Noticed Jabberih's ghost (amateur DrTm)
  3096 | D:3      | Found a runed translucent gate.
  3097 | D:3      | Found a runed translucent gate.
  3097 | D:3      | Found a roughly hewn altar of Beogh.
  3208 | D:3      | Reached * piety under Dithmenos
  3277 | D:3      | Found a glowing drain.
  3287 | Sewer    | Entered a sewer
  3467 | Sewer    | Reached XP level 6. HP: 33/46 MP: 6/6
  3496 | Sewer    | Found a glowing silver altar of Zin.
  3905 | D:3      | Reached skill level 5 in Staves
  4485 | D:4      | Got a smoking ring mail
  4496 | D:4      | Identified the cursed +1 ring mail of Makhleb's Castigation
                  | {Int+6} (You found it on level 4 of the Dungeon)
  4551 | D:4      | Gained mutation: When hurt, damage is shared between your
                  | health and your magic reserves. [demonic ancestry]
  4551 | D:4      | Reached XP level 7. HP: 43/52 MP: 7/7
  5193 | D:5      | Entered Level 5 of the Dungeon
  5228 | D:5      | Noticed Blork the orc
  5242 | D:5      | Killed Blork the orc
  5242 | D:5      | Reached skill level 6 in Staves
  5362 | D:5      | Reached ** piety under Dithmenos
  5644 | D:5      | Found an ancient bone altar of Kikubaaqudgha.
  5809 | D:6      | Gained mutation: You have a pair of small antennae on your
                  | head. [demonic ancestry]
  5809 | D:6      | Reached XP level 8. HP: 53/60 MP: 8/8
  6271 | D:6      | Reached skill level 7 in Staves
  6594 | D:6      | Found a runed translucent gate.
  6594 | D:6      | Found a runed translucent gate.
  6594 | D:6      | Found a runed translucent gate.
  6598 | D:6      | Noticed rumpelstilzz's ghost (novice TrAM)
  6644 | D:6      | You fall through a shaft for 2 floors!
  6945 | D:8      | Reached skill level 8 in Staves
  7197 | D:7      | Found an ornate altar of the Wu Jian Council.
  7467 | D:7      | Found Cocix's Distillery.
  7475 | D:7      | Bought 2 potions of curing for 72 gold pieces
  7475 | D:7      | Bought a potion of curing for 36 gold pieces
  7475 | D:7      | Bought a potion of mutation for 96 gold pieces
  7475 | D:7      | Bought a potion of curing for 36 gold pieces
  7475 | D:7      | Bought a potion of might for 48 gold pieces
  7475 | D:7      | Bought a potion of heal wounds for 60 gold pieces
  7475 | D:7      | Bought a potion of curing for 36 gold pieces
  7475 | D:7      | Gained mutation: Your system is resistant to poisons.
                  | (rPois) [potion of mutation]
  7475 | D:7      | Gained mutation: Scrolls take you a little longer to read.
                  | [potion of mutation]
  7475 | D:7      | Gained mutation: Your spells are a little easier to cast,
                  | but a little less powerful. [potion of mutation]
  7475 | D:7      | Gained mutation: You have sharp toenails. [potion of
                  | mutation]
  7517 | D:7      | Gained mutation: You regenerate magic rapidly. [demonic
                  | ancestry]
  7517 | D:7      | Reached XP level 9. HP: 66/66 MP: 9/9
  7569 | D:7      | Found a radiant altar of Vehumet.
  7622 | D:7      | Reached *** piety under Dithmenos
  7647 | D:7      | Noticed Joseph
  7676 | D:7      | Killed Joseph
  7676 | D:7      | Reached skill level 5 in Armour
  7775 | D:7      | Reached skill level 5 in Fighting
  7949 | D:7      | Learned a level 2 spell: Call Imp
  8123 | D:7      | Found a staircase to the Ecumenical Temple.
  8355 | D:7      | Reached skill level 9 in Staves
  8621 | D:8      | Noticed Grum
  8629 | D:7      | Reached skill level 5 in Dodging
  8800 | D:7      | Learned a level 1 spell: Animate Skeleton
  9119 | D:6      | Reached skill level 1 in Stealth
  9368 | D:5      | Identified 2 scrolls of acquirement
  9381 | D:5      | Got a pair of polished gloves
  9387 | D:5      | Identified the +1 pair of gloves of Twilight {Slay+3} (You
                  | acquired it on level 5 of the Dungeon)
  9592 | D:8      | Reached skill level 1 in Spellcasting
  9598 | D:8      | Reached skill level 1 in Necromancy
  9783 | D:8      | Found a glowing silver altar of Zin.
  9861 | D:8      | Killed Grum
  9939 | D:9      | Noticed a two-headed ogre
  9949 | D:9      | Killed a two-headed ogre
  9949 | D:9      | Reached XP level 10. HP: 39/74 MP: 7/12
 10207 | D:9      | Reached skill level 10 in Staves
 10523 | D:9      | Identified the Handbook of Ashen Battle Magic
 10563 | D:9      | Reached **** piety under Dithmenos
 10872 | D:10     | Entered Level 10 of the Dungeon
 11436 | D:10     | Killed an unseen horror
 11641 | D:10     | Found a deep blue altar of Sif Muna.
 11780 | D:11     | Found a runed translucent gate.
 11780 | D:11     | Found a runed translucent gate.
 11780 | D:11     | Found a runed translucent gate.
 11781 | D:11     | Found a staircase to the Orcish Mines.
 11789 | D:11     | Noticed a war gargoyle
 11789 | D:11     | Noticed rorsh's ghost (journeyman DEWz)
 11940 | D:11     | Killed an unseen horror
 11957 | D:11     | Gained mutation: You have a pair of antennae on your head.
                  | [demonic ancestry]
 11957 | D:11     | Reached XP level 11. HP: 69/83 MP: 13/15
 11985 | D:11     | Found a staircase to the Lair.
 12298 | D:11     | Noticed a two-headed ogre
 12312 | D:11     | Killed an unseen horror
 12312 | D:11     | Reached skill level 11 in Staves
 12317 | D:11     | Killed a two-headed ogre
 12358 | D:11     | Reached ***** piety under Dithmenos
 12544 | D:11     | Noticed a two-headed ogre
 12563 | D:11     | Killed a two-headed ogre
 12652 | D:11     | You fall through a shaft for 3 floors!
 12806 | D:14     | Found a flagged portal.
 12830 | Bailey   | Entered a bailey
 13107 | Bailey   | Found an iron altar of Okawaru.
 13143 | Bailey   | Got an opalescent robe
 13150 | Bailey   | Identified the +1 robe "Owidiel" {*Contam +Inv rF++ Dex+3}
                  | (You found it in a bailey)
 13235 | D:13     | Noticed a skeletal warrior
 13258 | D:13     | Noticed a skeletal warrior
 13736 | D:11     | Got a shimmering spear
 14028 | D:11     | Slain by a war gargoyle

Skill      XL: |  1  2  3  4  5  6  7  8  9 10 11 |
---------------+----------------------------------+-----
Staves         | 3 4 5 6 8 9 10 11 | 11.7
Dodging        | 3 4 5 6 |  6.6
Armour         | 1 2 3 4 5 6 7 |  7.0
Fighting       | 3 4 5 6 7 |  7.4
Stealth        | 1 2 3 |  3.2
Spellcasting   | 1 2 3 |  3.6
Necromancy     | 2 4 |  4.0
Throwing       | 2 |  2.2
Summonings     | |  0.2

Action                   |  1- 3 |  4- 6 |  7- 9 | 10-12 || total
-------------------------+-------+-------+-------+-------++-------
Melee: Quarterstaff      |   126 |   288 |   463 |   428 ||  1305
Throw: Tomahawk          |       |       |       |    17 ||    17
 Cast: Animate Skeleton  |       |       |     6 |    29 ||    35
       Call Imp          |       |       |     2 |     1 ||     3
  Use: Scroll            |     2 |     2 |    16 |     5 ||    25
       Potion            |       |     9 |    11 |     9 ||    29
 Stab: Sleeping          |       |       |     1 |    12 ||    13
  Eat: Chunk             |     3 |     9 |    14 |     9 ||    35
       Ration            |       |       |     2 |     2 ||     4
Armor: Leather armour    |     3 |       |       |       ||     3
       Scale mail        |    60 |   160 |       |       ||   220
       Ring mail         |       |     1 |   164 |    96 ||   261
       Robe              |       |       |       |    18 ||    18
Dodge: Dodged            |    81 |   209 |   421 |   300 ||  1011
